Map: Ruins of Seras

Players

Kpyolysis - Winner!

  • Race: Protoss Protoss
  • League: Diamond

LindyHop

  • Race: Zerg Zerg
  • League: Platinum

VOD

Have the link to the VOD?

Description

Time

  • Played on: Dec. 16, 2015, 7:40 p.m.
  • Length: 16:59
Show
View Real Time Build Order
Export as new Build Order

Kpyolysis Protoss - Winner!

Build Orders: Oracle Opening 

Get SALT Encoding   

  12  0:01  Probe (Chrono Boost)  
  13  0:11  Probe (Chrono Boost)  
  14  0:22  Pylon  
  14  0:24  Probe (Chrono Boost)  
  15  0:40  Probe (Chrono Boost)  
  16  0:51  Probe (Chrono Boost)  
  17  1:03  Probe (Chrono Boost)  
  18  1:08  Nexus  
  18  1:14  Probe (Chrono Boost)  
  19  1:24  Gateway  
  19  1:25  Probe (Chrono Boost)  
  20  1:35  Probe (Chrono Boost), Assimilator  
  21  1:44  Assimilator  
  21  1:46  Probe (Chrono Boost)  
  22  1:49  Pylon  
  22  1:56  Probe (Chrono Boost)  
  23  2:07  Probe (Chrono Boost)  
  24  2:14  Cybernetics Core  
  24  2:19  Zealot  
  24  2:20  Probe (Chrono Boost)  
  24  2:21  Probe (Chrono Boost)  
  28  2:34  Probe x2 (Chrono Boost)  
  29  2:44  Gateway  
  29  2:47  Probe (Chrono Boost)  
  30  2:53  Stargate  
  30  3:00  Pylon  
  30  3:04  Mothership Core (Chrono Boost)  
  32  3:07  Probe (Chrono Boost)  
  32  3:10  Warp Gate  
  33  3:15  Adept  
  35  3:20  Assimilator  
  35  3:25  Probe (Chrono Boost)  
  35  3:26  Probe (Chrono Boost)  
  37  3:35  Probe (Chrono Boost)  
  37  3:36  Probe (Chrono Boost)  
  37  3:37  Oracle (Chrono Boost)  
  42  3:43  Gateway  
  42  3:45  Probe  
  42  3:47  Probe  
  44  3:54  Adept x2  
  48  4:00  Probe  
  48  4:01  Probe  
  50  4:10  Probe  
  50  4:13  Probe  
  50  4:16  Pylon  
  52  4:18  Gateway  
  52  4:26  Probe  
  52  4:27  Probe  
  53  4:38  Oracle (Chrono Boost)  
  24  5:05  Probe  
  24  5:06  Probe  
  25  5:19  Adept x2  
  25  5:20  Adept  
  31  5:26  Probe  
  31  5:27  Probe  
  33  5:48  Pylon  
  33  5:52  Pylon  
  33  6:01  Pylon  
  33  6:04  Probe  
  33  6:06  Probe  
  33  6:08  Adept  
  37  6:12  Pylon  
  37  6:15  Probe  
  37  6:16  Twilight Council  
  37  6:18  Probe  
  39  6:22  Void Ray (Chrono Boost)  
  43  6:26  Probe  
  43  6:30  Probe  
  45  6:36  Stalker  
  45  6:37  Probe  
  45  6:42  Probe  
  46  6:49  Probe  
  47  6:54  Probe  
  47  6:55  Assimilator  
  47  7:01  Dark Shrine  
  48  7:02  Probe  
  49  7:11  Probe  
  49  7:13  Probe  
  51  7:25  Probe  
  51  7:26  Probe  
  51  7:29  Void Ray (Chrono Boost)  
  57  7:48  Probe  
  57  7:49  Probe  
  59  7:59  Probe  
  59  8:01  Probe  
  59  8:04  Pylon  
  61  8:09  Gateway, Probe  
  61  8:10  Gateway  
  62  8:22  Probe x2  
  64  8:32  Dark Templar x3  
  70  8:38  Pylon  
  70  8:54  Probe  
  70  8:56  Probe  
  70  8:58  Nexus  
  72  9:08  Probe  
  61  9:25  Void Ray (Chrono Boost)  
  61  9:29  Probe  
  61  9:30  Probe  
  67  9:37  Adept x2  
  67  9:38  Adept x3  
  75  9:40  Resonating Glaives  
  75  9:43  Pylon  
  75  9:45  Pylon  
  77  9:48  Probe  
  77  9:49  Forge  
  78  10:00  Probe  
  78  10:01  Probe  
  80  10:10  Probe  
  80  10:13  Probe  
  82  10:17  Adept x4  
  82  10:18  Adept x2  
  82  10:21  Probe  
  94  10:23  Assimilator  
  94  10:25  Probe  
  94  10:27  Photon Cannon  
  96  10:28  Protoss Ground Weapons Level 1  
  96  10:31  Probe  
  97  10:38  Probe  
  97  10:42  Probe  
  99  10:54  Probe  
  99  10:55  Probe  
  101  10:58  Adept  
  101  10:59  Adept x3  
  109  11:09  Pylon  
  109  11:10  Pylon  
  109  11:12  Pylon  
  109  11:13  Gateway  
  109  11:15  Pylon  
  109  11:16  Gateway  
  109  11:21  Probe  
  109  11:23  Probe  
  108  11:32  Pylon  
  108  11:33  Pylon  
  108  11:34  Adept x2  
  108  11:35  Adept x3  
  108  11:36  Adept  
  108  11:38  Assimilator  
  120  11:41  Probe  
  120  11:42  Probe  
  122  11:49  Pylon  
  122  11:54  Dark Templar x2  
  122  11:55  Dark Templar x3  
  122  11:56  Dark Templar  
  134  12:02  Probe  
  134  12:03  Probe  
  136  12:13  Robotics Facility  
  100  12:42  Stalker x2  
  100  12:43  Stalker x2  
  100  12:44  Stalker x3  
  96  12:45  Stalker  
  103  12:51  Probe x2  
  104  13:02  Protoss Ground Weapons Level 2  
  104  13:06  Nexus, Observer  
  104  13:07  Templar Archives, Probe, Pylon  
  104  13:08  Probe  
  104  13:12  Sentry x3  
  114  13:20  Probe x2  
  114  13:21  Probe  
  116  13:30  Mothership Core  
  116  13:43  High Templar  
  116  13:44  High Templar x3  
  116  13:46  High Templar x2  
  116  13:47  High Templar  
  116  13:48  High Templar  
  132  13:49  Archon x2  
  132  13:50  Archon  
  132  13:52  Archon  
  132  13:53  Charge (Chrono Boost)  
  132  14:05  Probe, Pylon  
  132  14:06  Probe x2  
  132  14:08  Photon Cannon  
  132  14:09  Photon Cannon  
  135  14:12  Zealot  
  135  14:16  Adept x3  
  137  14:29  High Templar  
  137  14:30  High Templar x2  
  137  14:31  Probe  
  143  14:32  Probe x2  
  143  14:37  Photon Cannon  
  146  14:38  Gateway  
  146  14:39  Pylon  
  146  14:41  Probe, Pylon  
  146  14:43  Pylon  
  146  14:44  Probe  
  148  14:50  Archon  
  148  14:53  Zealot  
  148  14:54  Zealot x3  
  148  14:55  Zealot  
  148  14:58  Zealot  
  160  15:02  Zealot  
  160  15:03  Zealot  
  160  15:04  Psionic Storm  
  164  15:13  Probe  
  164  15:14  Probe x2  
  164  15:17  Assimilator  
  159  15:21  Assimilator  
  151  15:30  High Templar x3  
  151  15:31  High Templar  
  151  15:32  High Templar x2  
  151  15:34  Archon  
  151  15:35  Archon  
  162  15:36  Archon  
  162  15:40  Pylon  
  162  15:43  Pylon  
  162  15:44  Photon Cannon x2  
  160  16:06  Zealot  
  160  16:07  Zealot x4  
  160  16:08  Zealot x2  
  160  16:09  Zealot  
  172  16:17  Probe  
  172  16:18  Probe  
  172  16:19  Probe  
  175  16:26  Photon Cannon  
  175  16:27  Photon Cannon  
  153  16:44  Zealot x4  
  153  16:45  Zealot x5  
Show
View Real Time Build Order
Export as new Build Order

LindyHop Zerg 

Build Orders: Hatch First, Zergling Baneling 

Get SALT Encoding   

  12  0:01  Drone  
  13  0:12  Overlord  
  13  0:18  Drone  
  14  0:31  Drone x2  
  14  0:34  Drone  
  17  0:54  Hatchery  
  16  0:57  Drone  
  16  1:01  Drone  
  18  1:07  Drone  
  19  1:17  Extractor  
  18  1:23  Spawning Pool  
  18  1:25  Drone  
  18  1:34  Drone  
  18  1:39  Overlord  
  19  2:12  Queen  
  19  2:13  Queen  
  24  2:15  Zergling x4  
  24  2:17  Metabolic Boost  
  24  2:19  Drone x2  
  27  2:27  Drone x2  
  27  2:29  Drone  
  30  2:39  Drone  
  31  2:50  Drone x2  
  33  2:55  Baneling Nest  
  32  3:05  Overlord x2  
  32  3:06  Zergling x2  
  32  3:09  Zergling x2  
  34  3:24  Zergling x12  
  40  3:35  Zergling x10  
  45  3:42  Baneling  
  45  3:43  Baneling x3  
  45  3:45  Baneling  
  45  3:46  Baneling  
  45  3:47  Zergling x2  
  45  3:48  Zergling x2  
  47  3:50  Baneling  
  47  3:51  Baneling  
  47  3:55  Zergling x6  
  50  4:04  Overlord x2  
  50  4:16  Zergling x4  
  52  4:18  Overlord  
  39  4:41  Zergling x2  
  39  4:43  Drone x5  
  37  4:54  Spore Crawler  
  37  4:58  Spore Crawler  
  37  4:59  Spore Crawler  
  34  5:00  Drone x2  
  35  5:12  Drone x2  
  34  5:16  Drone  
  34  5:20  Drone  
  35  5:27  Drone x2  
  32  5:36  Drone  
  30  5:44  Drone  
  31  5:50  Roach Warren  
  30  5:57  Queen  
  32  6:12  Drone x2  
  32  6:13  Drone x4  
  32  6:18  Lair  
  38  6:21  Extractor  
  37  6:30  Drone x4  
  41  6:38  Hatchery  
  40  6:43  Extractor  
  39  6:50  Extractor  
  39  6:53  Spore Crawler  
  37  6:55  Drone x6  
  37  6:56  Drone  
  44  7:07  Drone x3  
  47  7:18  Roach x2  
  51  7:24  Hydralisk Den  
  51  7:26  Queen  
  53  7:36  Spore Crawler  
  51  7:40  Spore Crawler  
  50  7:56  Hydralisk x4  
  58  7:58  Overlord  
  58  7:59  Overlord x3  
  58  8:13  Muscular Augments  
  58  8:15  Hydralisk  
  58  8:16  Hatchery  
  59  8:20  Hydralisk  
  59  8:21  Hydralisk  
  63  8:27  Overlord  
  63  8:28  Overlord x2  
  62  8:39  Zergling x2  
  63  8:43  Hydralisk x3  
  66  8:49  Zergling x8  
  70  8:57  Hatchery  
  70  9:00  Hydralisk  
  70  9:01  Zergling x2  
  72  9:09  Zergling x2  
  69  9:11  Zergling x2  
  67  9:23  Hydralisk  
  63  9:24  Hydralisk x3  
  63  9:28  Hatchery  
  63  9:31  Queen  
  72  9:41  Hydralisk x2  
  76  9:47  Hydralisk  
  76  9:50  Hatchery  
  73  9:57  Overseer  
  71  10:01  Overseer  
  70  10:19  Hydralisk  
  70  10:20  Hydralisk x2  
  76  10:29  Hatchery  
  75  10:39  Hydralisk x4  
  75  10:40  Hydralisk  
  85  10:49  Hydralisk  
  82  10:50  Hydralisk  
  82  10:52  Spawning Pool  
  84  11:29  Extractor  
  84  11:30  Overseer  
  83  11:35  Drone x16  
  99  11:54  Zergling x2  
  99  11:55  Zergling x10  
  105  12:02  Zergling x10  
  105  12:03  Zergling x2  
  111  12:09  Evolution Chamber  
  111  12:12  Evolution Chamber  
  109  12:22  Spire  
  101  12:26  Zergling x2  
  82  12:30  Zergling x2  
  82  12:31  Zergling x20  
  82  12:33  Roach  
  82  12:36  Hydralisk  
  92  12:39  Zergling x2  
  92  12:40  Zergling x2  
  92  13:00  Extractor  
  92  13:02  Spore Crawler  
  90  13:06  Spine Crawler x2  
  90  13:08  Drone  
  90  13:09  Drone x3  
  90  13:10  Drone x2, Spore Crawler  
  92  13:44  Mutalisk  
  92  13:45  Mutalisk x10  
  114  13:54  Mutalisk  
  114  13:55  Mutalisk x2  
  118  14:01  Mutalisk  
  122  14:10  Mutalisk  
  122  14:11  Mutalisk  
  125  14:20  Mutalisk  
  125  14:26  Overlord x3  
  125  14:30  Overlord  
  124  14:33  Zerg Missile Weapons Level 1  
  124  14:34  Zerg Ground Armor Level 1  
  124  14:53  Drone x11  
  135  15:06  Drone x3  
  138  15:18  Mutalisk  
  138  15:19  Hydralisk  
  138  15:20  Hydralisk x4  
  149  15:46  Hydralisk  
  149  15:47  Hydralisk x4  
  154  16:05  Overlord x2  
  154  16:06  Overlord x2  
  153  16:11  Hatchery  
  153  16:17  Overlord x3  
  152  16:19  Hatchery  
  151  16:31  Infestation Pit  
  150  16:35  Hydralisk  
Tags
 
Add a new tag
Caveats
  • Supply blocks, unpowered buildings, or Contaminate may cause inaccurate times.
  • Supply counts are checked every 10 seconds.